 Dungeon Crawl Stone Soup version 0.28-a0-1506-g3893175d92 (webtiles) character file.

Game seed: 9005255739676170199

377 HallandMoats the Skirmisher (level 6, -2/55 HPs)
             Began as a Ghoul Fighter on Jan 13, 2022.
             Was a Plaything of Xom.
             Slain by a gnoll sergeant (11 damage)
             ... on level 5 of the Dungeon.
             The game lasted 00:06:02 (4078 turns).

HallandMoats the Skirmisher (Ghoul Fighter)         Turns: 4078, Time: 00:06:02

Health: -2/55      AC:  9    Str: 19 (20) XL:     6   Next: 73%
Magic:  6/6        EV:  9    Int:  4 (5)  God:    Xom [....*.]
Gold:   157        SH:  4    Dex:  6 (8)  Spells: 5/5 levels left

rFire   . . .      SeeInvis .   q - +4 flail
rCold   + . .      Faith    .   c - +0 buckler
rNeg    + + +      Spirit   .   b - +0 scale mail
rPois   ∞          Reflect  .   m - +0 helmet
rElec   .          Harm     .   (no cloak)
rCorr   .          Rampage  .   e - +0 pair of gloves
Will    .....                   (no boots)
Stlth   ..........              (no amulet)
HPRegen 0.00/turn               (no ring)
MPRegen 0.10/turn               (no ring)

@: inhibited regen
A: claws 1, cold resistance 1, negative energy resistance 3, inhibited
regeneration, torment resistance 2
a: Renounce Religion


You were on level 5 of the Dungeon.
You worshipped Xom.
You were a beloved toy of Xom.
You visited 1 branch of the dungeon, and saw 5 of its levels.

You collected 157 gold pieces.

Inventory:

Hand Weapons
 a - a +0 war axe
 j - a +1 dagger of speed
 q - a +4 flail (weapon)
Armour
 b - a +0 scale mail (worn)
 c - a +0 buckler (worn)
 e - a +0 pair of gloves (worn)
 m - a +0 helmet (worn)
Jewellery
 r - a ring of flight
Wands
 u - a wand of acid (6)
Scrolls
 f - a scroll of noise {unknown}
 g - a scroll of magic mapping {unknown}
 i - 5 scrolls of identify {unknown}
 t - 2 scrolls of teleportation {unknown}
 w - a scroll of silence {unknown}
Potions
 d - a potion of might
 k - a potion of flight {unknown}
 l - a potion of lignification {unknown}
 o - a potion of heal wounds {unknown}
 p - a potion of mutation
 s - a potion of magic
 v - a potion of brilliance {unknown}


   Skills:
 * Level 4.9 Fighting
 * Level 3.4 Axes
 + Level 3.5 Armour
 + Level 1.7 Dodging
 + Level 3.4 Shields
 + Level 2.1 Invocations


You had 5 spell levels left.
You didn't know any spells.
Your spell library contained the following spells:

 Spells                   Type           Power      Damage    Failure   Level
 Summon Small Mammal      Summ           0%         N/A       91%         1
 Scorch                   Fire           0%         2d5       97%         2
 Call Canine Familiar     Summ           0%         N/A       100%        3
 Dazzling Flash           Conj/Hex       0%         N/A       100%        3
 Summon Guardian Golem    Hex/Summ       0%         N/A       100%        3
 Flame Wave               Conj/Fire      0%         2d4       100%        4
 Iskenderun's Mystic Bla  Conj/Tloc      0%         2d3       100%        4
 Starburst                Conj/Fire      0%         6d3       100%        6
 Summon Cactus Giant      Summ           0%         N/A       100%        6


Dungeon Overview and Level Annotations

Branches:
Dungeon (5/15)
 Temple: D:4-7

Altars:
Ashenzari
Makhleb
Xom

Shops:
D:1 :


Innate Abilities, Weirdness & Mutations

You thrive by killing the living.
You are immune to poison.
You have sharp fingernails.
Your flesh is cold resistant. (rC+)
You are immune to negative energy. (rN+++)
You do not regenerate when monsters are visible.
You are immune to unholy pain and torment.


Message History

Something hits the gnoll sergeant.
The gnoll sergeant closely misses something.
The quokka misses you.
The gnoll sergeant hits you but does no damage.
You flicker for a moment.
The quokka bites you but does no damage.
The quokka bites you but does no damage.
You flicker back into view.
The quokka bites you.
* * * LOW HITPOINT WARNING * * *
You barely miss the quokka.
The quokka bites you but does no damage. x2
You sock the quokka!
You kill the quokka!
You feel better. You block the hound's attack. You block the hound's attack.
The hound barely misses you.
The hound closely misses you. "Feel my power!"
The gnoll sergeant is outlined in light.
You are now a beloved toy of Xom.
The hound bites you but does no damage. The hound closely misses you.
You block the hound's attack. The hound bites you but does no damage.
The hound bites you.
* * * LOW HITPOINT WARNING * * *
The hound barely misses you.
You see here 27 stones.
The hound barely misses you.
The gnoll sergeant stops glowing.
The hound bites you.
* * * LOW HITPOINT WARNING * * *
The hound stops to sniff the ground.
Things that are here:
a +0 giant spiked club; an ogre corpse The hound bites you but does no damage.
There is a stone staircase leading up here.
The hound closely misses you.
The gnoll sergeant hits you from afar with a +0 vampiric trident!
You die...
Xom bursts into laughter!

... #''#####################
....≈≈≈≈≈≈≈≈≈≈≈≈≈≈≈≈≈≈≈≈≈≈≈≈≈####
....≈≈≈≈≈≈≈≈≈≈≈≈≈≈≈≈≈≈≈≈≈≈≈≈≈≈≈≈≈
....≈≈≈≈≈≈≈≈≈≈≈≈≈≈≈≈≈≈≈≈≈≈≈≈≈≈≈≈≈
....≈≈≈≈≈≈≈≈≈≈≈≈≈≈≈≈≈≈≈≈≈≈≈≈≈≈≈≈≈
.....................(...........
.g.....((.(...g).................
######..#..##.#h@................
....?......##..†######.........#
........#######)))........#.####
######.#################.###.##
#...g....# #...g..## ##.##.
########.# #.#####.###h....
#.####.# ##.#.#.### #......#
##.##.# #####..# #.##.#


You could see a gnoll sergeant and a hound.

Vanquished Creatures
  An ogre (D:5)
  A hound (D:5)
  Jessica (D:2)
  Robin (D:2)
  4 adders
  A gnoll (D:5)
  4 worms
  3 dart slugs
  6 orcs
  12 endoplasms
  7 giant cockroaches
  14 goblins
  9 hobgoblins
  9 kobolds
  4 quokkas
  9 ball pythons
  13 bats
  2 rats
101 creatures vanquished.

Vanquished Creatures (collateral kills)
  An orc wizard (D:4)
  2 gnolls (D:5)
  A worm (D:4)
  An orc (D:4)
  An endoplasm (D:4)
  A goblin (D:4)
7 creatures vanquished.

Vanquished Creatures (others)
  A gnoll (D:5)
1 creature vanquished.

Grand Total: 109 creatures vanquished

Notes
Turn   | Place    | Note
-------+----------+-------------------------------------------
     0 | D:1      | HallandMoats the Ghoul Fighter began the quest for the Orb.
     0 | D:1      | Reached XP level 1. HP: 19/19 MP: 0/0
    72 | D:1      | Found Atrejuev's Book Shoppe.
   170 | D:1      | Reached XP level 2. HP: 26/26 MP: 1/1
   460 | D:1      | Reached XP level 3. HP: 31/31 MP: 2/2
   510 | D:1      | Found a faded altar of an unknown god.
   642 | D:1      | Prayed at the altar of an unknown god.
   642 | D:1      | Became a worshipper of Xom of Chaos
   830 | D:2      | XOM: potion effect (might)
   853 | D:2      | Reached skill level 1 in Invocations
   853 | D:2      | Reached XP level 4. HP: 34/40 MP: 3/3
  1032 | D:2      | XOM: silly message
  1257 | D:2      | Reached skill level 4 in Fighting
  1282 | D:2      | Noticed Robin
  1337 | D:2      | XOM: cast spell 'Leda's Liquefaction'
  1337 | D:2      | HP: 1/40 [Robin (6)]
  1339 | D:2      | Killed Robin
  1831 | D:2      | Noticed Jessica
  1850 | D:2      | Killed Jessica
  1851 | D:2      | Reached skill level 1 in Dodging
  1851 | D:2      | Reached XP level 5. HP: 39/46 MP: 3/5
  2385 | D:3      | Found a shimmering altar of Xom.
  2566 | D:3      | Found a burning altar of Makhleb.
  3110 | D:4      | Found a broken altar of Ashenzari.
  3438 | D:4      | Reached XP level 6. HP: 43/53 MP: 6/6
  3781 | D:4      | XOM: divination: magic mapping
  3835 | D:4      | XOM: divination: detect items
  3958 | D:4      | XOM: divination: detect creatures
  3961 | D:5      | Entered Level 5 of the Dungeon
  4006 | D:5      | XOM: cast spell 'Call Canine Familiar'
  4021 | D:5      | HP: 2/55 [gnoll sergeant (4)]
  4026 | D:5      | XOM: enchant monster (good)
  4063 | D:5      | XOM: fake destruction
  4078 | D:5      | Slain by a gnoll sergeant

Illustrated notes

Levels and vault maps discovered:
D:1:      psy_arrival_statuary, layout_rooms, shapermc_ecumenical_altar_petra,
          serial_shops, shop, minivault_11, minmay_stone_trees_small,
          hangedman_decor_clover_reticule
D:2:      kennysheep_big_flooded_room, layout_basic, uniq_robin, uniq_jessica
D:3:      layout_loops_corners, mainiacjoe_overflow_six_doors_small,
          mainiacjoe_overflow_chevrons, st_stairs_14, grunt_ministairs_15,
          kennysheep_generic_room_10
D:4:      layout_basic, ashenzari_conservatory_becter
D:5:      minmay_goblin_kobold_castle, layout_loops_ring, temple_green

Skill      XL: |  1  2  3  4  5  6 |
---------------+-------------------+-----
Axes           | 2 3 |  3.4
Armour         | 3 |  3.5
Invocations    | 1 2 |  2.1
Fighting       | 4 |  4.9
Shields        | 3 |  3.4
Dodging        | 1 |  1.7

Action                   |  1- 3 |  4- 6 || total
-------------------------+-------+-------++-------
Melee: War axe           |    77 |       ||    77
       Dagger            |       |   179 ||   179
       Flail             |       |    80 ||    80
  Use: Potion            |       |     4 ||     4
Armor: Scale mail        |    61 |    95 ||   156
Dodge: Dodged            |    52 |   104 ||   156
Block: Buckler           |    12 |    44 ||    56

Table legend: (Time is in decaauts)
 A = Elapsed time spent in this place.
 B = Non-inter-level travel time spent in this place.
 C = Inter-level travel time spent in this place.
 D = Time resting spent in this place.
 E = Time spent auto-exploring this place.
 F = Levels seen in this place.
 G = Mean time per level.
                   A        B        C        D        E       F      G
               +--------+--------+--------+--------+--------+-----+--------+
         Total |   4095 |   3919 |    176 |      0 |   3150 |   5 |  819.0 |
       Dungeon |   4095 |   3919 |    176 |      0 |   3150 |   5 |  819.0 |
               +--------+--------+--------+--------+--------+-----+--------+

Top non-repeatable levels by time:
     D:2: 1317 daAuts
     D:4: 1004 daAuts
     D:3: 949 daAuts
     D:1: 699 daAuts
     D:5: 123 daAuts
